 Dungeon Crawl Stone Soup version 0.21.1-1-g345015f (webtiles) character file.

38 inc the Vexing (level 3, 0/14 HPs)
             Began as a Felid Enchanter on Feb 25, 2018.
             Slain by a kobold
             ... wielding a +0 club
              (3 damage)
             ... on level 2 of the Dungeon.
             The game lasted 00:03:41 (2186 turns).

inc the Vexing (Felid Enchanter)                    Turns: 2186, Time: 00:03:42

Health: 0/14       AC:  1    Str:  4    XL:     3   Next: 25%
Magic:  2/7        EV: 18    Int: 17    God:
Gold:   68         SH:  0    Dex: 16    Spells: 0/6 levels left
                                        Lives:  0   Deaths: 0

rFire    . . .     SeeInvis +     - Unarmed
rCold    . . .     Gourm    .   (shield unavailable)
rNeg     . . .     Faith    .   (armour unavailable)
rPois    .         Spirit   .   (helmet unavailable)
rElec    .         Reflect  .   (cloak unavailable)
rCorr    .         Harm     .   (gloves unavailable)
MR       .....                  (boots unavailable)
Stlth    +++.......             (no amulet)
HPRegen  0.04/turn              c - ring of wizardry
MPRegen  0.10/turn              (no ring)

@: quick
A: very small, no armour, no weapons or thrown items, stealth, claws 1, fangs 3,
see invisible, carnivore, speed 1, shaggy fur 1, slow metabolism 1, sharp paws
a: no special abilities


You were on level 2 of the Dungeon.
You were not hungry.

You visited 1 branch of the dungeon, and saw 2 of its levels.

You collected 68 gold pieces.

Inventory:

Jewellery
 c - a ring of wizardry (left paw)
Scrolls
 d - 2 scrolls of teleportation {unknown}
 e - a scroll of remove curse {unknown}
 g - a scroll of identify {unknown}
 h - a scroll of blinking {unknown}
Potions
 f - 2 potions of heal wounds {unknown}
Books
 a - a book of Maledictions

   Spells                             Type                      Level
   a - Corona                         Hexes                        1
   b - Ensorcelled Hibernation        Hexes/Ice                    2
   c - Confuse                        Hexes                        3
   d - Tukima's Dance                 Hexes                        3
   e - Dazzling Spray                 Conjuration/Hexes            3
Comestibles
 b - 4 rations


   Skills:
 - Level 2.6 Dodging
 - Level 4.0 Stealth
 + Level 3.2 Unarmed Combat
 - Level 2.0 Spellcasting
 - Level 4.4 Hexes


You couldn't memorise any spells.
You knew the following spells:

 Your Spells              Type           Power        Failure   Level  Hunger
a - Corona                Hex            ###....      1%          1    #......
b - Ensorcelled Hibernat  Hex/Ice        #.....       4%          2    ###....
c - Confuse               Hex            ###.....     4%          3    ###....


Dungeon Overview and Level Annotations

Branches:
Dungeon (2/15)

Altars:
Cheibriados
Makhleb


Innate Abilities, Weirdness & Mutations

You cannot wear armour.
You are incapable of wielding weapons or throwing items.
Your paws allow you to move quietly. (Stealth)
You have sharp claws.
You have razor-sharp teeth.
You have supernaturally acute eyesight. (SInv)
You are carnivorous and can eat meat at any time.
You cover ground quickly.
You are covered in fur. (AC +1)
You have a slow metabolism.
Your sharp claws are effective at attacking unaware monsters.


Message History

Aim: a giant cockroach (chance to defeat MR: 58%)
The giant cockroach resists with significant effort.
The kobold misses you.
The giant cockroach splashes around in the water.
Unknown command.
Casting: Ensorcelled Hibernation
Confirm with . or Enter, or press ? or * to list all spells.
You don't have enough magic to cast that spell.
Unknown command.
The kobold hits you with a club.
You scratch the kobold.
The kobold is moderately wounded.
The giant cockroach misses you. The kobold hits you with a club.
* * * LOW HITPOINT WARNING * * *
You scratch the kobold.
The kobold is severely wounded.
The giant cockroach bites you.
* * * LOW HITPOINT WARNING * * *
The kobold hits you with a club.
You die...

. #######################.#
##........................
#≈≈≈≈≈≈≈≈≈≈≈≈≈≈≈≈≈≈≈≈≈≈≈≈≈
#≈≈≈≈≈≈≈≈≈≈≈≈≈s≈≈≈≈≈≈≈≈≈≈≈
##....)......@K...†.......
########'###################
#........#.8###.8###.8###[8#
#........'..............)..#
##########################.#
#................# #.#
#....####..#####.# #.#
#........# #.# #.#
######...# #.# #.#


You could see a giant cockroach and a kobold.

Vanquished Creatures
  3 dart slugs (D:1)
  2 leopard geckos
  A bat (D:2)
  A giant cockroach (D:1)
  4 hobgoblins
  A ball python (D:2)
  3 frilled lizards
  7 goblins
  4 kobolds
  3 rats (D:1)
29 creatures vanquished.

Notes
Turn   | Place    | Note
-------+----------+-------------------------------------------
     0 | D:1      | inc the Felid Enchanter began the quest for the Orb.
     0 | D:1      | Reached XP level 1. HP: 7/7 MP: 4/4
   396 | D:1      | Reached XP level 2. HP: 11/11 MP: 6/6
   991 | D:2      | Found a burning altar of Makhleb.
   991 | D:2      | Found a snail-covered altar of Cheibriados.
  1244 | D:1      | Learned a level 2 spell: Ensorcelled Hibernation
  1776 | D:1      | Reached XP level 3. HP: 14/14 MP: 7/7
  1850 | D:1      | Learned a level 3 spell: Confuse
  2186 | D:2      | Slain by a kobold

Skill      XL: |  1  2 |
---------------+-------+-----
Unarmed Combat | 2 3 |  3.2
Dodging        | |  2.6
Stealth        | |  4.0
Spellcasting   | |  2.0
Hexes          | |  4.4

Action                   || total
-------------------------++-------
Melee: Unarmed           ||    83
       Bite              ||     3
 Cast: Corona            ||     3
       Ensorcelled Hiber ||    13
 Stab: Sleeping          ||    15
  Eat: Chunk             ||     2
Armor: Skin              ||     5
Dodge: Dodged            ||    59
